 Dungeon Crawl Stone Soup version 0.25-a0-41-g6cf4ce537d (webtiles) character file.

Game seed: 6601845923570634780, levelgen mode: deterministic

870 Gynju the Magician (level 7, 0/36 HPs)
             Began as a Deep Elf Fire Elementalist on Oct 21, 2019.
             Was a Believer of Vehumet.
             Killed by nerve-wracking pain
             ... invoked by an orc priest
              (6 damage)
             ... on level 5 of the Dungeon.
             The game lasted 00:08:28 (5389 turns).

Gynju the Magician (Deep Elf Fire Elementalist)     Turns: 5389, Time: 00:08:29

Health: 0/36       AC:  6    Str:  5    XL:     7   Next: 73%
Magic:  17/18      EV: 14    Int: 22    God:    Vehumet [**....]
Gold:   228        SH:  0    Dex: 15    Spells: 12/18 levels left

rFire    . . .     SeeInvis .   b - +2 hunting sling (flame)
rCold    . . .     Gourm    .   (no shield)
rNeg     . . .     Faith    .   m - +0 leather armour
rPois    .         Spirit   .   t - +0 helmet
rElec    .         Reflect  .   (no cloak)
rCorr    .         Harm     .   (no gloves)
MR       .....                  q - +1 pair of boots
Stlth    ++........             (no amulet)
HPRegen  0.12/turn              (no ring)
MPRegen  0.16/turn              (no ring)

@: no status effects
A: no striking features
a: Renounce Religion


You were on level 5 of the Dungeon.
You worshipped Vehumet.
Vehumet was pleased with you.
You were not hungry.

You visited 1 branch of the dungeon, and saw 5 of its levels.

You collected 228 gold pieces.

Inventory:

Hand Weapons
 a - a +5 dagger of venom
 b - a +2 hunting sling of flaming (weapon)
Missiles
 d - 142 stones (quivered)
Armour
 m - a +0 leather armour (worn)
 q - a +1 pair of boots (worn)
 t - a +0 helmet (worn)
Magical Staves
 f - an uncursed staff of death
Jewellery
 h - an uncursed ring of see invisible
Wands
 r - a wand of random effects (10)
 s - a wand of flame (19)
Scrolls
 e - 3 scrolls of teleportation
 g - a scroll of amnesia
 v - a scroll of enchant weapon
Potions
 i - a potion of ambrosia
 k - a potion of heal wounds
 l - 4 potions of curing {@q1}
 n - 2 potions of flight
 o - 2 potions of brilliance
 p - 3 potions of resistance
 u - a potion of haste
 w - 2 potions of mutation {unknown}
Comestibles
 c - 10 rations
 j - 9 chunks of flesh


   Skills:
 + Level 5.7 Dodging
 - Level 2.4 Stealth
 + Level 6.4 Spellcasting
 + Level 4.8 Conjurations
 + Level 5.8 Fire Magic


You had 12 spell levels left.
You knew the following spells:

 Your Spells              Type           Power        Failure   Level  Hunger
a - Flame Tongue          Conj/Fire      ####.        1%          1    None
b - Throw Flame           Conj/Fire      ####..       2%          2    None
c - Conjure Flame         Conj/Fire      ####....     4%          3    #......

Your spell library contained the following spells:

 Spells                   Type           Power        Failure   Level  Hunger
 Shock                    Conj/Air       ###.         5%          1    None
 Inner Flame              Hex/Fire       ###.....     13%         3    #......
 Sticky Flame             Conj/Fire      ####....     16%         4    ###....
 Fireball                 Conj/Fire      ####......   41%         5    #####..


Dungeon Overview and Level Annotations

Branches:
Dungeon (5/15)
 Temple: D:4-7

Altars:
Nemelex Xobeh
Vehumet

Shops:
D:5 [

Annotations:
D:3 2 transporters, kkknotok's ghost, weakling FeNe


Message History

The stone closely misses the orc priest.
The orc priest invokes the aid of Beogh against you.
Pain shoots through your body!
You are too injured to fight recklessly!
You are too injured to fight recklessly!
You are too injured to fight recklessly!
The orc priest mumbles some strange prayers to Beogh against you.
Beogh smites you!
* * * LOW HITPOINT WARNING * * *
The orc priest closely misses you.
Casting: Flame Tongue (safe; 1% risk of failure)
Confirm with . or Enter, or press ? or * to list all spells.
Aiming: Flame Tongue (safe; 1% risk of failure)
Press: ? - help, Shift-Dir - straight line, f/p - orc priest
Aim: an orc priest, wielding a +0 club (heavily wounded)
The flame tongue hits the orc priest but does no damage.
The orc priest is heavily wounded.
The orc priest mumbles some strange prayers to Beogh against you.
Pain shoots through your body!
You die...

#.# #...# #.# #...# ##.# #...#
...# #...######
##########........#
..................######
#.................##...
#.###########.....##.########
................@o.(รท>.......
#.#.#......##.....##(#.#####.
#.#........##.....##)#.#
..#....#...##.....##.#.#
..#.#..#...#########.#.#
..#.#..#...# #.#.#
..#.#..#...# #.#.#
..#<#..#...# #.#.#
..######...# #.#


You could see an orc priest.

Vanquished Creatures
  Menkaure (D:4)
  A phantom (D:4)
  A centaur (D:5)
  An orc wizard (D:3)
  A bullfrog zombie (D:5)
  2 centaur skeletons (D:4)
  3 hounds (D:4)
  A jelly (D:5)
  An orc priest (D:4)
  4 worker ants
  Robin (D:4)
  4 adders
  A shadow imp (D:5)
  2 oozes
  5 worms
  A dart slug (D:4)
  4 leopard geckos
  15 orcs
  A ball python (D:3)
  6 giant cockroaches
  21 goblins
  5 hobgoblins
  13 jackals
  9 kobolds
  A quokka (D:2)
  6 bats
  2 frilled lizards
  A leopard gecko skeleton (D:4)
  7 rats
121 creatures vanquished.

Notes
Turn   | Place    | Note
-------+----------+-------------------------------------------
     0 | D:1      | Gynju the Deep Elf Fire Elementalist began the quest for
                  | the Orb.
     0 | D:1      | Reached XP level 1. HP: 10/10 MP: 6/6
   129 | D:1      | Found a sparkling altar of Nemelex Xobeh.
   181 | D:1      | Reached XP level 2. HP: 15/15 MP: 8/8
   840 | D:2      | Found a radiant altar of Vehumet.
   854 | D:2      | Reached XP level 3. HP: 9/19 MP: 5/10
   858 | D:2      | Learned a level 2 spell: Throw Flame
   862 | D:2      | Learned a level 3 spell: Conjure Flame
  1038 | D:2      | Became a worshipper of Vehumet
  1769 | D:3      | Reached skill level 4 in Spellcasting
  1769 | D:3      | Reached XP level 4. HP: 24/24 MP: 9/12
  1834 | D:3      | Found a transporter.
  2054 | D:3      | Found a transporter.
  2054 | D:3      | Noticed kkknotok's ghost (weakling FeNe)
  2432 | D:3      | Reached XP level 5. HP: 18/28 MP: 10/13
  2515 | D:3      | Reached * piety under Vehumet
  2515 | D:3      | Offered knowledge of Sting by Vehumet.
  3487 | D:4      | Noticed Menkaure
  3499 | D:4      | Killed Menkaure
  3499 | D:4      | Reached skill level 5 in Spellcasting
  3499 | D:4      | Reached XP level 6. HP: 32/32 MP: 13/15
  3648 | D:4      | Reached skill level 5 in Fire Magic
  3748 | D:4      | Noticed Robin
  3760 | D:4      | Killed Robin
  3947 | D:4      | Reached skill level 5 in Dodging
  3947 | D:4      | Reached XP level 7. HP: 36/36 MP: 9/17
  4592 | D:4      | Offered knowledge of Shock by Vehumet.
  4592 | D:4      | Reached skill level 6 in Spellcasting
  4701 | D:5      | Entered Level 5 of the Dungeon
  4714 | D:5      | Found Hackal's Armour Shoppe.
  4717 | D:5      | Reached ** piety under Vehumet
  4802 | D:5      | Got a shimmering flail
  4805 | D:5      | Identified the cursed +1 flail of Recklessness {pain,
                  | Fragile Str+3 Int+6} (You found it on level 5 of the
                  | Dungeon)
  5389 | D:5      | Killed from afar by an orc priest

Levels and vault maps discovered:
D:1:      dpeg_arrival_stone_temple_mockup, layout_loops_ring,
          nemelex_xobeh_ov_fountains_minmay
D:2:      layout_loops_ring, old_standard_altar
D:3:      layout_basic, gammafunk_ghost_mausoleum
D:4:      layout_cave_pods, kennysheep_small_square, uniq_menkaure, uniq_robin
D:5:      layout_basic, serial_shops, shop, shop, first_ration

Skill      XL: |  1  2  3  4  5  6  7 |
---------------+----------------------+-----
Dodging        | 3 4 5 |  5.7
Conjurations   | 2 3 4 |  4.8
Spellcasting   | 4 5 6 |  6.4
Fire Magic     | 4 5 |  5.8
Stealth        | |  2.4

Action                   |  1- 3 |  4- 6 |  7- 9 || total
-------------------------+-------+-------+-------++-------
 Fire: Hunting sling     |    63 |    92 |    24 ||   179
 Cast: Flame Tongue      |    47 |    90 |    64 ||   201
       Conjure Flame     |       |     1 |       ||     1
  Use: Scroll            |       |    10 |     7 ||    17
  Eat: Chunk             |     2 |     7 |     4 ||    13
Armor: Leather armour    |     1 |     8 |     3 ||    12
Dodge: Dodged            |    13 |    24 |    23 ||    60

Table legend:
 A = Non-vault XP
 B = Vault XP
 C = Vault XP percentage of total XP
 D = Non-vault monster count
 E = Vault monster count
 F = Vault count percentage of total count
                 A         B        C        D         E       F
            +---------+---------+-------+---------+---------+-------
      Total |     993 |     251 |  20.2 |     105 |      16 |  13.2
            +---------+---------+-------+---------+---------+-------
        D:1 |      36 |       0 |   0.0 |      21 |       0 |   0.0
        D:2 |      44 |       0 |   0.0 |      16 |       0 |   0.0
        D:3 |     142 |       0 |   0.0 |      30 |       0 |   0.0
        D:4 |     496 |     251 |  33.6 |      22 |      16 |  42.1
        D:5 |     275 |       0 |   0.0 |      16 |       0 |   0.0
            +---------+---------+-------+---------+---------+-------
